AoeStats
← the shy

African Clearing

504720758Analyzed
2v2 RM · 26d ago on Sep 6, 2026· 25m 32s· 4 players
Game mode
Random Map
Map size
Medium (4 player)
Population
200
Speed
Normal
Resources
Standard
Victory
Conquest
Starting age
Dark Age
Ending age
Imperial Age
RankedLock teamsTeams togetherTeam positionsShared explorationLock speedFull tech treeHidden civsTurbo modeCheats
Victory
Defeat
🇹🇷 Koreans · Türkiye
1472
+13
🇹🇷 Mongols · Türkiye
1461
+14
🇨🇳 Huns · China
1531
-18
1293
-9
求求了让老头吃你一分
4:09 Loom
11:28 Double-Bit Axe
14:16 Feudal Age
12:59 Horse Collar
17:13 Wheelbarrow
23:18 Scale Barding Armor
27:20 Castle Age
25:33 Heavy Plow
the shy
8:05 Loom
11:49 Feudal Age
14:56 Forging
14:51 Horse Collar
16:02 Scale Barding Armor
23:20 Castle Age
22:00 Fletching
22:38 Double-Bit Axe
22:48 Gold Mining
24:07 Bloodlines
ayz1912
9:30 Loom
12:26 Feudal Age
13:05 Double-Bit Axe
17:13 Wheelbarrow
16:55 Forging
17:30 Scale Barding Armor
18:25 Horse Collar
19:32 Town Watch
23:56 Castle Age
23:39 Bloodlines
25:02 Fletching
riayguner
6:01 Loom
12:38 Feudal Age
13:30 Double-Bit Axe
17:30 Fletching
22:52 Castle Age
21:05 Scale Mail Armor
24:04 Bow Saw
Connection lost

Rejoining the realm…

Still unreachable

The connection could not be restored.

Session expired

The server has moved on; the page needs a fresh start.